 Dungeon Crawl Stone Soup version 0.29-a0-821-g66395355a5 (webtiles) character file.

Game seed: 7126095249457950118

2016 zeratav the Tainter (level 9, -5/62 HPs)
             Began as an Octopode Venom Mage on July 7, 2022.
             Slain by a wight
             ... wielding a +4 halberd of freezing
              (16 damage)
             ... on level 6 of the Dungeon.
             The game lasted 00:13:54 (8709 turns).

zeratav the Tainter (Octopode Venom Mage)           Turns: 8709, Time: 00:13:55

Health: -5/62      AC:  1    Str:  7    XL:     9   Next: 22%
Magic:  14/14      EV: 15    Int: 22    God:
Gold:   191        SH:  0    Dex: 12    Spells: 8/15 levels left

rFire   . . .      SeeInvis +   z - +1 dagger (elec) {short}
rCold   . . .      Faith    .   (no shield)
rNeg    . . .      Spirit   .   l - +0 hat
rPois   .          Reflect  .   (no amulet)
rElec   .          Harm     .   f - ring of see invisible
rCorr   .          Rampage  .   (no ring)
Will    .....                   (no ring)
Stlth   ++++......              (no ring)
HPRegen 0.20/turn               (no ring)
MPRegen 0.14/turn               (no ring)
                                (no ring)
                                (no ring)

@: no status effects
A: almost no armour, amphibious, 8 rings, camouflage 1, gelatinous body 1,
(nimble swimmer 1), tentacles
a: no special abilities


You were on level 6 of the Dungeon.
You visited 1 branch of the dungeon, and saw 6 of its levels.

You collected 282 gold pieces.
You spent 91 gold pieces at shops.


Innate Abilities, Weirdness & Mutations

You cannot wear most types of armour.
You are amphibious.
You can wear up to eight rings at the same time.
Your skin changes colour to match your surroundings (Stealth+).
Your rubbery body absorbs attacks. (AC +1, EV +1)
((You are camouflaged when in or above water. (Stealth+)))
You have tentacles for arms and can constrict up to eight enemies at once.


   Skills:
 + Level 6.0 Fighting
 + Level 6.1 Dodging
 - Level 5.0 Stealth
 + Level 3.6 Spellcasting
 - Level 1.0 Transmutations
 - Level 9.0 Poison Magic


You had 8 spell levels left.
You knew the following spells:

 Your Spells              Type           Power      Damage    Failure   Level
a - Sting                 Tmut/Pois      100%       1d8       1%          1
b - Poisonous Vapours     Pois/Air       46%        N/A       2%          2
c - Olgreb's Toxic Radia  Pois           43%        N/A       3%          4

Your spell library contained the following spells:

 Spells                   Type           Power      Damage    Failure   Level
 Mephitic Cloud           Conj/Pois/Air  17%        N/A       11%         3

Inventory:

Hand Weapons
 u - a +2 dagger of venom {short}
   (You took it off a kobold on level 6 of the Dungeon)
 z - a +1 dagger of electrocution (weapon) {short}
   (You took it off Dowan on level 5 of the Dungeon)
Armour
 l - a +0 hat (worn)
   (You found it on level 1 of the Dungeon)
 w - a +2 kite shield
   (You found it on level 4 of the Dungeon)
Jewellery
 f - a ring of see invisible (left tentacle)
   (You found it on level 5 of the Dungeon)
Wands
 v - a wand of flame (29)
   (You found it on level 4 of the Dungeon)
 y - a wand of digging (5)
   (You took it off Duvessa on level 5 of the Dungeon)
Scrolls
 c - 3 scrolls of poison {!r}
 e - a scroll of silence {!r}
 i - a scroll of enchant weapon
 j - 2 scrolls of immolation {!r!r}
 k - 3 scrolls of teleportation {@r4}
 o - a scroll of identify {@r1}
 s - a scroll of summoning
 t - a scroll of enchant armour {unknown}
 A - a scroll of torment {unknown}
Potions
 a - a potion of magic
 b - 2 potions of cancellation {unknown}
 d - a potion of flight {unknown}
 g - a potion of berserk rage {unknown}
 h - a potion of might {unknown}
 m - 5 potions of mutation {unknown}
 n - 4 potions of brilliance {unknown}
 p - 2 potions of heal wounds {unknown}
 q - a potion of curing {@q1}
 r - 3 potions of degeneration {unknown}
 x - 2 potions of ambrosia {unknown}

Dungeon Overview and Level Annotations

Branches:
Dungeon (6/15) Zot: 26403
 Temple: D:4-7

Altars:
Nemelex Xobeh
Trog

Shops:
D:2 ?   D:5 *

Annotations:
D:3 3 runed translucent doors, exclusions: ball python and downstairs, Sigmund; zhov's ghost, amateur DsHu
D:4 exclusion: downstairs

#..####)...#.)....#####
##.##...##))#####z..z.#
#.#..#####).########.#
#...## ##.....# #z## #..##
#####.####..#### ....#
#...###....####### .#..#
#####....###...##... ##..#
#.<.##............## #..#
#..@##.##....#.#### #..#
#....zz#####.#...# ....
#...#### #.....### ###.
#...# ######... #.### #.##
#####.## #.# ##......## #.#
.###........## #.#
#..#..........############.#


You could see 2 wights.


Message History

You take 2 damage, and now have 46/61 hp.
You barely miss the wight. You grab the wight.
You tentacle-slap the wight, but do no damage.
You constrict the wight, but do no damage.
The wight barely misses you.
HP[+1]
You hit the wight but do no damage.
You constrict the wight, but do no damage.
The wight barely misses you.
MP[+1]
You hit the wight. You constrict the wight.
The wight hits you with a +0 trident.
You feel drained.
HP[-4]
You now have 60 max hp (-1).
You take 4 damage, and now have 43/60 hp.
You hit the wight but do no damage.
You constrict the wight, but do no damage.
The wight hits you with a +0 trident!
HP[-7]
You take 7 damage, and now have 36/60 hp.
You hit the wight.
You destroy the wight!
Your life force feels restored.
Your Fighting skill increases to level 6!
You now have 62 max hp (+2).
Things that are here:
a +0 trident {polearm}; a +0 robe; HP[+1]
You start resting.
HP[+25] MP[+1]
Your hp is fully restored (62).
Your mp is fully restored (14).
Things that are here:
a +0 short sword {short}; an orc corpse
Things that are here:
a +0 club {mace}; an orc corpse A wight comes into view.
It is wielding a +0 battleaxe.
A wight comes into view.
It is wielding a +2 dagger and wearing a +1 robe of fire resistance.
A hound comes into view.
Things that are here:
a +0 short sword {short}; an orc corpse
Casting: Olgreb's Toxic Radiance (dangerous; 3% risk of failure)
Confirm with . or Enter, or press ? or * to list all spells.
Aiming: Sting (safe; 1% risk of failure)
Press: ? - help, Shift-Dir - straight line, f - wight
Aim: a wight, wielding a +0 battleaxe and wearing a +0 robe (78% to hit)
The sting hits the wight.
The wight partially resists.
MP[-1]
You lost 1 mp, and now have 13/14 mp.
Casting: Sting (safe; 1% risk of failure)
Confirm with . or Enter, or press ? or * to list all spells.
Aiming: Sting (safe; 1% risk of failure)
Press: ? - help, Shift-Dir - straight line, f/p - wight
Aim: a wight, wielding a +0 battleaxe and wearing a +0 robe (lightly damaged, 78% to hit)
The sting hits the wight.
The wight partially resists.
MP[-1]
You lost 1 mp, and now have 12/14 mp.
The wight attacks as you move away! The wight closely misses you.
The wight attacks as you move away! The wight closely misses you.
You hit the wight but do no damage. You grab the wight.
You squeeze the wight, but do no damage.
You constrict the wight, but do no damage.
The wight misses you.
You hit the wight but do no damage. Lightning courses through the wight!
You constrict the wight.
You destroy the wight!
Things that are here:
a +0 battleaxe {axe}; a +0 robe; 15 gold pieces MP[+1]
The wight misses you. The wight barely misses you.
Things that are here:
a +0 battleaxe {axe}; a +0 robe; 15 gold pieces MP[+1]
Your mp is fully restored (14).
Things that are here:
a +0 dagger {short}; 2 poisoned darts {throwing} The wight hits you with a +4 halberd of freezing.
The wight freezes you.
HP[-8]
You take 8 damage, and now have 54/62 hp.
You completely miss the wight. You grab the wight.
You constrict the wight, but do no damage.
The wight hits you with a +4 halberd of freezing!!
* * * LOW HITPOINT WARNING * * *
The wight freezes you.
* * * LOW HITPOINT WARNING * * *
HP[-29]
You take 29 damage, and now have 25/62 hp.
MASSIVE DAMAGE!! (PAUSE)
You hit the wight. You constrict the wight. The wight barely misses you.
You barely miss the wight. You constrict the wight.
The wight hits you with a +4 halberd of freezing!
* * * LOW HITPOINT WARNING * * *
The wight freezes you.
* * * LOW HITPOINT WARNING * * *
HP[-15]
You take 15 damage, and now have 10/62 hp.
MASSIVE DAMAGE!! (PAUSE)
You release your grip on the wight.
The wight hits you from afar with a +4 halberd of freezing!
You die...

Skill      XL: |  1  2  3  4  5  6  7  8  9 |
---------------+----------------------------+-----
Stealth        | 3 4 5 |  5.0
Poison Magic   | 4 5 9 |  9.0
Fighting       | 1 3 5 6 |  6.0
Dodging        | 4 5 6 |  6.1
Spellcasting   | 3 |  3.6
Transmutations | |  1.0

Action                   |  1- 3 |  4- 6 |  7- 9 || total
-------------------------+-------+-------+-------++-------
Melee: Dagger            |    35 |    77 |    60 ||   172
       Constrict         |     7 |    17 |    16 ||    40
       Tentacles         |     3 |    29 |    12 ||    44
       Punch             |       |       |     4 ||     4
       Unarmed           |       |       |    18 ||    18
 Cast: Sting             |    35 |     3 |    21 ||    59
       Poisonous Vapours |     3 |    38 |     6 ||    47
       Olgreb's Toxic Ra |       |       |    37 ||    37
Evoke: Wand              |       |       |     1 ||     1
  Use: Scroll            |     6 |       |     3 ||     9
       Potion            |       |       |     1 ||     1
 Stab: Sleeping          |     7 |     9 |     3 ||    19
Armor: Skin              |     1 |     3 |    13 ||    17
Dodge: Dodged            |    33 |    37 |    43 ||   113

Levels and vault maps discovered:
D:1:      minmay_arrival_hallway, layout_basic, shapermc_ecumenical_altar_gd,
          minmay_3d_cube
D:2:      layout_basic, serial_shops, nicolae_shop_waterfront
D:3:      minmay_angry_zag, layout_basic, nemelex_xobeh_ov_fountains_minmay,
          gammafunk_ghost_necromancy, uniq_sigmund
D:4:      layout_basic, minmay_misc_feat_doors, kennysheep_generic_room_11,
          uniq_pikel
D:5:      layout_loops_ring, trog_ov_bears_minmay, serial_bayou,
          serial_bayou_lake_a, serial_bayou_pond_b, serial_bayou_pond_e,
          serial_bayou_lagoon_a, chequers_serial_rivers_small_3,
          minmay_misc_feat_room, kennysheep_cluttered_room, kennysheep_nub,
          nicolae_alphabet_shops, nicolae_figureground_sparkle, uniq_duvessa
D:6:      layout_rooms, mainiacjoe_overflow_six_doors_small,
          mainiacjoe_overflow_alcove_2

Notes
Turn   | Place    | Note
-------+----------+-------------------------------------------
     0 | D:1      | zeratav the Octopode Venom Mage began the quest for the
                  | Orb.
     0 | D:1      | Reached XP level 1. HP: 11/11 MP: 3/3
     0 | D:1      | magus.rc [v1.9.6]
   139 | D:1      | Found a faded altar of an unknown god.
   152 | D:1      | Reached skill level 3 in Stealth
   472 | D:1      | Reached XP level 2. HP: 14/17 MP: 0/5
   568 | D:1      | Reached skill level 4 in Poison Magic
  1456 | D:2      | Reached skill level 4 in Stealth
  1456 | D:2      | Reached XP level 3. HP: 11/21 MP: 6/6
  1838 | D:2      | Learned a level 2 spell: Poisonous Vapours
  1910 | D:2      | Found Roneop's Magic Scroll Emporium.
  1947 | D:2      | Bought a scroll of identify for 26 gold pieces
  1947 | D:2      | Bought a scroll of identify for 26 gold pieces
  2087 | D:2      | Reached XP level 4. HP: 27/27 MP: 1/7
  2177 | D:2      | Reached skill level 5 in Poison Magic
  2328 | D:2      | Reached skill level 5 in Stealth
  2729 | D:3      | Noticed Sigmund
  3221 | D:3      | Reached XP level 5. HP: 31/31 MP: 3/8
  3296 | D:3      | Found a runed translucent gate.
  3296 | D:3      | Found a runed translucent gate.
  3296 | D:3      | Found a runed translucent gate.
  3300 | D:3      | Noticed zhov's ghost (amateur DsHu)
  3409 | D:3      | Found a sparkling altar of Nemelex Xobeh.
  3601 | D:4      | Noticed Pikel
  3601 | D:4      | Noticed a lemure
  3601 | D:4      | Noticed a lemure
  3601 | D:4      | Noticed a lemure
  3601 | D:4      | Noticed a lemure
  3779 | D:4      | Killed a lemure
  4067 | D:4      | HP: 3/31 [lemure[Pikel] (5)]
  4068 | D:4      | Killed a lemure
  4376 | D:4      | Reached skill level 6 in Poison Magic
  4514 | D:4      | Killed Pikel
  4515 | D:4      | Reached skill level 9 in Poison Magic
  4515 | D:4      | Reached skill level 1 in Fighting
  4515 | D:4      | Reached XP level 6. HP: 17/38 MP: 6/9
  4515 | D:4      | Reached XP level 7. HP: 20/43 MP: 6/10
  4979 | D:4      | Learned a level 4 spell: Olgreb's Toxic Radiance
  5795 | D:5      | Entered Level 5 of the Dungeon
  5822 | D:5      | Reached skill level 2 in Fighting
  5822 | D:5      | Reached skill level 3 in Dodging
  6108 | D:5      | Found Lorogagg's Luxury Loot.
  6113 | D:5      | Bought a potion of lignification for 39 gold pieces
  6162 | D:5      | Noticed Duvessa
  6163 | D:5      | Noticed Dowan
  6183 | D:5      | Killed Dowan
  6185 | D:5      | HP: 3/45 [Duvessa/+0 rapier (11)]
  6186 | D:5      | Killed Duvessa
  6187 | D:5      | Reached skill level 3 in Fighting
  6187 | D:5      | Reached skill level 4 in Dodging
  6187 | D:5      | Reached XP level 8. HP: 3/52 MP: 0/11
  6814 | D:5      | Reached skill level 4 in Fighting
  6931 | D:5      | Reached skill level 5 in Dodging
  7038 | D:5      | Found a bloodstained altar of Trog.
  7049 | D:5      | Reached skill level 5 in Fighting
  7849 | D:5      | Reached skill level 3 in Spellcasting
  7849 | D:5      | Reached XP level 9. HP: 61/61 MP: 6/13
  8483 | D:6      | Reached skill level 6 in Dodging
  8504 | D:6      | Reached skill level 6 in Fighting
  8708 | D:6      | HP: 12/62 [wight/+4 halberd of freezing (13)]
  8709 | D:6      | Slain by a wight

Vanquished Creatures
  Pikel (D:4)
  Duvessa (D:5)
  A water moccasin (D:5)
  2 black bears (D:5)
  A phantom (D:5)
  2 lemures (D:4)
  A kobold brigand (D:6)
  2 bullfrogs
  4 scorpions
  2 wights (D:6)
  Dowan (D:5)
  A howler monkey (D:4)
  A hound (D:5)
  A jelly (D:5)
  7 iguanas
  An orc wizard (D:6)
  4 gnolls
  4 adders
  2 shadow imps
  A white imp (D:5)
  2 ufetubi (D:4)
  2 worms
  3 dart slugs
  11 orcs
  6 ball pythons
  10 endoplasms
  2 giant cockroaches (D:2)
  5 hobgoblins
  8 jackals
  4 quokkas
  4 bats
  3 frilled lizards
  9 goblins
  13 kobolds
  7 rats
129 creatures vanquished.

Vanquished Creatures (others)
  67 plants (D:5)
67 creatures vanquished.

Grand Total: 196 creatures vanquished

Table legend:
 A = Non-vault XP
 B = Vault XP
 C = Vault XP percentage of total XP
 D = Non-vault monster count
 E = Vault monster count
 F = Vault count percentage of total count
                 A         B        C        D         E       F
            +---------+---------+-------+---------+---------+-------
      Total |    1722 |    1158 |  40.2 |     110 |      17 |  13.4
            +---------+---------+-------+---------+---------+-------
        D:1 |      29 |       4 |  12.1 |      17 |       3 |  15.0
        D:2 |      95 |       0 |   0.0 |      23 |       0 |   0.0
        D:3 |      30 |      21 |  41.2 |      16 |       5 |  23.8
        D:4 |     145 |     657 |  81.9 |      21 |       3 |  12.5
        D:5 |     963 |     476 |  33.1 |      20 |       6 |  23.1
        D:6 |     460 |       0 |   0.0 |      13 |       0 |   0.0
            +---------+---------+-------+---------+---------+-------

Illustrated notes

Table legend:
 A = Kills in this place as a percentage of kills in entire the game.
 B = Kills by you in this place as a percentage of kills by you in the entire game.
 C = Kills by friends in this place as a percentage of kills by friends in the entire game.
 D = Other kills in this place as a percentage of other kills in the entire game.
 E = Experience gained in this place as a percentage of experience gained in the entire game.
 F = Experience gained in this place divided by the number of levels of this place that you have seen.
                   A       B       C       D       E      F
               +-------+-------+-------+-------+-------+----------------------
         Total | 100.0 | 100.0 |   N/A |   N/A | 100.0 | 480.0
       Dungeon | 100.0 | 100.0 |   N/A |   N/A | 100.0 | 480.0
               +-------+-------+-------+-------+-------+----------------------

Table legend: (Time is in decaauts)
 A = Elapsed time spent in this place.
 B = Non-inter-level travel time spent in this place.
 C = Inter-level travel time spent in this place.
 D = Time resting spent in this place.
 E = Time spent auto-exploring this place.
 F = Levels seen in this place.
 G = Mean time per level.
                   A        B        C        D        E       F      G
               +--------+--------+--------+--------+--------+-----+--------+
         Total |   8705 |   8517 |    188 |   2251 |   4948 |   6 | 1450.8 |
       Dungeon |   8705 |   8517 |    188 |   2251 |   4948 |   6 | 1450.8 |
               +--------+--------+--------+--------+--------+-----+--------+

Top non-repeatable levels by time:
     D:5: 2243 daAuts
     D:4: 2226 daAuts
     D:1: 1436 daAuts
     D:2: 1175 daAuts
     D:3: 1028 daAuts
     D:6: 595 daAuts
